AoeStats
← Warcanoe

Arabia

508715598Analyzed
2v2 RM · 9d ago on Sep 23, 2026· 49m 19s· 4 players
Game mode
Random Map
Map size
Medium (4 player)
Population
200
Speed
Normal
Resources
Standard
Victory
Conquest
Starting age
Dark Age
Ending age
Imperial Age
RankedLock teamsTeams togetherTeam positionsShared explorationLock speedFull tech treeHidden civsTurbo modeCheats
Victory
Defeat
🇷🇺 Wei · Russia
1242
+15
🇩🇪 Vietnamese · Germany
1156
+18
🇩🇪 Teutons · Germany
1221
-17
🇨🇭 Hindustanis · Switzerland
1192
-16
Warcanoe
2:06 Loom
10:02 Feudal Age
15:04 Double-Bit Axe
17:05 Horse Collar
20:53 Gold Mining
23:07 Castle Age
21:01 Gold Mining
22:35 Scale Barding Armor
22:41 Forging
23:27 Bloodlines
27:45 Wheelbarrow
26:59 Town Watch
28:04 Iron Casting
29:47 Bow Saw
29:41 Heavy Plow
30:23 Fletching
32:36 Light Cavalry
34:55 Husbandry
35:17 Elite Skirmisher
37:31 Chain Barding Armor
42:50 Imperial Age
42:42 Thumb Ring
42:59 Bodkin Arrow
43:07 Murder Holes
43:56 Scale Mail Armor
46:17 Ballistics
48:12 Bracer
48:13 Padded Archer Armor
49:03 Chain Mail Armor
dasmurka
10:22 Feudal Age
11:23 Loom
12:09 Man-at-Arms
13:45 Arson
16:43 Double-Bit Axe
22:53 Castle Age
20:56 Gold Mining
21:45 Bloodlines
21:43 Scale Barding Armor
21:48 Forging
21:24 Horse Collar
22:23 Forging
28:06 Wheelbarrow
27:17 Town Watch
28:14 Chain Barding Armor
29:06 Heavy Plow
31:24 Bow Saw
33:14 Hand Cart
42:29 Imperial Age
42:22 Iron Casting
42:36 Cavalier
44:12 Plate Barding Armor
44:10 Cavalier
44:59 Cavalier
tHeDesiRe
5:11 Loom
7:22 Loom
9:41 Feudal Age
10:16 Double-Bit Axe
12:13 Horse Collar
20:33 Castle Age
19:01 Gold Mining
20:06 Fletching
20:54 Crossbowman
21:41 Thumb Ring
22:11 Bodkin Arrow
24:45 Bow Saw
24:40 Heavy Plow
25:45 Padded Archer Armor
29:27 Wheelbarrow
28:38 Town Watch
30:32 Ballistics
32:51 Scale Mail Armor
36:08 Squires
39:34 Chain Mail Armor
40:34 Arson
41:21 Forging
41:03 Elite Skirmisher
41:46 Stone Mining
42:56 Hand Cart
46:46 Imperial Age
44:24 Light Cavalry
45:36 Town Patrol
46:40 Iron Casting
46:29 Leather Archer Armor
46:48 Imperial Skirmisher
48:11 Bracer
49:13 Chemistry
49:34 Two-Man Saw
49:22 Ring Archer Armor
TRMA | Zelfou
6:40 Loom
9:22 Feudal Age
9:52 Double-Bit Axe
12:03 Horse Collar
21:52 Castle Age
19:59 Gold Mining
22:17 Bloodlines
22:19 Fletching
22:30 Padded Archer Armor
23:09 Bow Saw
23:24 Bodkin Arrow
24:21 Husbandry
24:47 Town Watch
25:15 Scale Mail Armor
24:48 Pikeman
28:49 Wheelbarrow
28:33 Thumb Ring
30:09 Leather Archer Armor
30:08 Forging
30:40 Heavy Plow
36:43 Imperial Age
35:12 Squires
35:30 Chain Mail Armor
36:04 Stone Mining
38:10 Parthian Tactics
38:40 Bracer
41:24 Conscription
41:43 Hoardings
42:43 Chemistry
42:04 Ballistics
41:55 Masonry
42:06 Hand Cart
43:38 Ring Archer Armor
48:12 Iron Casting
Connection lost

Rejoining the realm…

Still unreachable

The connection could not be restored.

Session expired

The server has moved on; the page needs a fresh start.